| TOP OF THE 1ST |
|
Everett AquaSox batting - Pitching for Hudson Valley Renegades : RHP Adam Householder
|
|
Pitching: RHP Adam Householder
|
|
|
Batting: RHB John Vasquez
|
0-0: Called Strike 0-1: Ground out 4-3 (Groundball, 4, EV 100.6 MPH)
|
|
Batting: RHB Tomokazu Sugimoto
|
0-0: Ball 1-0: Ball 2-0: Foul Ball, location: 2F 2-1: Ball 3-1: Called Strike 3-2: Foul Ball, location: 2F 3-2: Ground out 4-3 (Groundball, 4M, EV 111.2 MPH)
|
|
Batting: RHB Ivan Davila
|
0-0: Called Strike 0-1: Called Strike 0-2: Ball 1-2: Ball 2-2: Ball 3-2: Strikes out swinging
|
| Top of the 1st over - 0 runs, 0 hits, 0 errors, 0 left on base; Everett 0 - Hudson Valley 0 |
| BOTTOM OF THE 1ST |
|
Hudson Valley Renegades batting - Pitching for Everett AquaSox : RHP Mike Watkins
|
|
Pitching: RHP Mike Watkins
|
|
|
Batting: SHB Chris Lockart
|
0-0: Called Strike 0-1: Foul Ball, location: 2F 0-2: Ball 1-2: SINGLE (Groundball, 4, EV 94.4 MPH)
|
|
Batting: SHB Joshua Jackson
|
0-0: Ball 1-0: Ball 2-0: Ball 3-0: Called Strike 3-1: Called Strike 3-2: Strikes out swinging
|
|
Batting: LHB Jonathan Spino
|
0-0: Ball 1-0: Called Strike Chris Lockart steals 2nd base (no throw) 1-1: Foul Ball, location: 2F 1-2: Strikes out swinging
|
|
Batting: LHB Mario Ocana
|
0-0: Called Strike 0-1: Ball 1-1: Fly out, F7 (Flyball, 7D, EV 102.5 MPH)
|
| Bottom of the 1st over - 0 runs, 1 hit, 0 errors, 1 left on base; Everett 0 - Hudson Valley 0 |
| TOP OF THE 2ND |
|
Everett AquaSox batting - Pitching for Hudson Valley Renegades : RHP Adam Householder
|
|
Batting: RHB Antonio Oyola
|
0-0: Ball 1-0: Ball 2-0: Called Strike 2-1: Foul Ball, location: 2F 2-2: Ball 3-2: Strikes out swinging
|
|
Batting: SHB Tony Morales
|
0-0: Foul Ball, location: 2F 0-1: Ball 1-1: Ball 2-1: Ball 3-1: Ground out U3 (Groundball, 13, EV 90.6 MPH)
|
|
Batting: RHB Sal Cervantes
|
0-0: Ball 1-0: SINGLE (Line Drive, 5D, EV 96.9 MPH)
|
|
Batting: RHB Jung-wan Aan
|
0-0: Called Strike 0-1: Ball 1-1: Ball 2-1: Foul Ball, location: 2F 2-2: Ball 3-2: Base on Balls Sal Cervantes to second
|
|
Batting: RHB Egidius Kruger
|
0-0: Called Strike 0-1: Called Strike 0-2: Strikes out swinging
|
| Top of the 2nd over - 0 runs, 1 hit, 0 errors, 2 left on base; Everett 0 - Hudson Valley 0 |
| BOTTOM OF THE 2ND |
|
Hudson Valley Renegades batting - Pitching for Everett AquaSox : RHP Mike Watkins
|
|
Batting: RHB Kunizo Yanagisawa
|
0-0: Called Strike 0-1: Ground out U3 (Groundball, 3, EV 80.6 MPH)
|
|
Batting: RHB Wan-ling Zhu
|
0-0: Ball 1-0: Foul Ball, location: 2F 1-1: Swinging Strike 1-2: Strikes out looking
|
|
Batting: RHB Mikey Sano
|
0-0: Ball 1-0: Ball 2-0: Ball 3-0: Called Strike 3-1: Base on Balls
|
|
Batting: LHB Sean Boenig
|
0-0: DOUBLE (Groundball, 3L, EV 103.1 MPH) Mikey Sano to third Runner from 3rd tries for Home, SAFE, throw by RF to trailing runner, SAFE at third!
|
|
Batting: RHB Eric Waugaman
|
0-0: Swinging Strike 0-1: Ball 1-1: Swinging Strike 1-2: Strikes out looking
|
| Bottom of the 2nd over - 1 run, 1 hit, 0 errors, 1 left on base; Everett 0 - Hudson Valley 1 |
| TOP OF THE 3RD |
|
Everett AquaSox batting - Pitching for Hudson Valley Renegades : RHP Adam Householder
|
|
Batting: SHB Raghnall Ahearne
|
0-0: Called Strike 0-1: Ball 1-1: Ground out 3-1 (Groundball, 34, EV 85.6 MPH)
|
|
Batting: RHB John Vasquez
|
0-0: Called Strike 0-1: Ball 1-1: Called Strike 1-2: Ball 2-2: Foul Ball, location: 2F 2-2: Foul Ball, location: 2F 2-2: Ball 3-2: Base on Balls
|
|
Batting: RHB Tomokazu Sugimoto
|
0-0: Ball John Vasquez steals 2nd base 1-0: Foul Ball, location: 2F 1-1: Ball 2-1: DOUBLE (Groundball, 3L, EV 99.4 MPH) John Vasquez scores
|
|
Batting: RHB Ivan Davila
|
0-0: Called Strike 0-1: Ball 1-1: Swinging Strike 1-2: Ball 2-2: 2-RUN HOME RUN (Flyball, 7D, EV 93.1 MPH), Distance : 376 ft
|
|
Batting: RHB Antonio Oyola
|
0-0: Called Strike 0-1: Called Strike 0-2: Foul Ball, location: 2F 0-2: Ball 1-2: Foul Ball, location: 2F 1-2: Strikes out swinging
|
|
Batting: SHB Tony Morales
|
0-0: Ball 1-0: Swinging Strike 1-1: Foul Ball, location: 2F 1-2: Foul Ball, location: 2F 1-2: Ball 2-2: Strikes out swinging
|
| Top of the 3rd over - 3 runs, 2 hits, 0 errors, 0 left on base; Everett 3 - Hudson Valley 1 |
| BOTTOM OF THE 3RD |
|
Hudson Valley Renegades batting - Pitching for Everett AquaSox : RHP Mike Watkins
|
|
Batting: SHB Chris Lockart
|
0-0: Ball 1-0: Ground out 5-3 (Groundball, 56S, EV 85.6 MPH)
|
|
Batting: SHB Joshua Jackson
|
0-0: Ball 1-0: SINGLE (Groundball, 34D, EV 97.5 MPH)
|
|
Batting: LHB Jonathan Spino
|
0-0: Called Strike 0-1: Foul Ball, location: 2F 0-2: Ball 1-2: Foul Ball, location: 2F 1-2: Ball 2-2: Foul Ball, location: 2F 2-2: DOUBLE (Line Drive, 89XD, EV 108.1 MPH) Joshua Jackson to third Runner from 3rd tries for Home, SAFE, no throw by RF
|
|
Batting: LHB Mario Ocana
|
0-0: Ball Jonathan Spino steals 3rd base (no throw) 1-0: Ball 2-0: Called Strike 2-1: Foul Ball, location: 2F 2-2: Ball 3-2: Foul Ball, location: 2F 3-2: Strikes out swinging
|
|
Batting: RHB Kunizo Yanagisawa
|
0-0: Called Strike 0-1: Fly out, F3 (Popup, 3F, EV 73.1 MPH)
|
| Bottom of the 3rd over - 1 run, 2 hits, 0 errors, 1 left on base; Everett 3 - Hudson Valley 2 |
| TOP OF THE 4TH |
|
Everett AquaSox batting - Pitching for Hudson Valley Renegades : RHP Adam Householder
|
|
Batting: RHB Sal Cervantes
|
0-0: Ball 1-0: Swinging Strike 1-1: Swinging Strike 1-2: Strikes out swinging
|
|
Batting: RHB Jung-wan Aan
|
0-0: Ball 1-0: Called Strike 1-1: DOUBLE (Line Drive, 9LD, EV 107.5 MPH)
|
|
Batting: RHB Egidius Kruger
|
0-0: Ground out 5-3 (Groundball, 5S, EV 86.9 MPH)
|
|
Batting: SHB Raghnall Ahearne
|
0-0: Ball 1-0: Fly out, F8 (Line Drive, 89M, EV 93.1 MPH)
|
| Top of the 4th over - 0 runs, 1 hit, 0 errors, 1 left on base; Everett 3 - Hudson Valley 2 |
| BOTTOM OF THE 4TH |
|
Hudson Valley Renegades batting - Pitching for Everett AquaSox : RHP Mike Watkins
|
|
Batting: RHB Wan-ling Zhu
|
0-0: Called Strike 0-1: Called Strike 0-2: Ground out 6-3 (Groundball, 6, EV 90.6 MPH)
|
|
Batting: RHB Mikey Sano
|
0-0: Foul Ball, location: 2F 0-1: Ball 1-1: Ball 2-1: Called Strike 2-2: Ball 3-2: Foul Ball, location: 2F 3-2: Foul Ball, location: 2F 3-2: Base on Balls
|
|
Batting: LHB Sean Boenig
|
0-0: Swinging Strike 0-1: Called Strike 0-2: Ball 1-2: Foul Ball, location: 2F 1-2: Strikes out swinging
|
|
Batting: RHB Eric Waugaman
|
0-0: Called Strike 0-1: Fly out, F8 (Line Drive, 8RD, EV 90.6 MPH)
|
| Bottom of the 4th over - 0 runs, 0 hits, 0 errors, 1 left on base; Everett 3 - Hudson Valley 2 |
| TOP OF THE 5TH |
|
Everett AquaSox batting - Pitching for Hudson Valley Renegades : RHP Adam Householder
|
|
Batting: RHB John Vasquez
|
0-0: Swinging Strike 0-1: Called Strike 0-2: SINGLE (Groundball, 6D, EV 97.5 MPH)
|
|
Batting: RHB Tomokazu Sugimoto
|
0-0: Ball 1-0: Swinging Strike 1-1: SINGLE (Groundball, 56, EV 100.0 MPH) John Vasquez to second
|
|
Batting: RHB Ivan Davila
|
0-0: Ball 1-0: Called Strike 1-1: Ball 2-1: Swinging Strike 2-2: Ball 3-2: Ground out 6-3 (Groundball, P, EV 85.6 MPH) John Vasquez to third Tomokazu Sugimoto to second
|
|
Batting: RHB Antonio Oyola
|
0-0: Called Strike 0-1: Called Strike 0-2: Strikes out swinging
|
|
Batting: SHB Tony Morales
|
0-0: Ball 1-0: Swinging Strike 1-1: Ball 2-1: Foul Ball, location: 2F 2-2: Fly out, F8 (Flyball, 8LD, EV 104.4 MPH)
|
| Top of the 5th over - 0 runs, 2 hits, 0 errors, 2 left on base; Everett 3 - Hudson Valley 2 |
| BOTTOM OF THE 5TH |
|
Hudson Valley Renegades batting - Pitching for Everett AquaSox : RHP Mike Watkins
|
|
Batting: SHB Chris Lockart
|
0-0: Ball 1-0: Ground out 6-3 (Groundball, 6, EV 81.2 MPH)
|
|
Batting: SHB Joshua Jackson
|
0-0: Called Strike 0-1: Ball 1-1: Foul Ball, location: 2F 1-2: Fly out, F8 (Line Drive, 8LD, EV 85.6 MPH)
|
|
Pitching: RHP Ke-yong Khoo
|
|
|
Batting: LHB Jonathan Spino
|
0-0: Called Strike 0-1: Ball 1-1: Ball 2-1: Ball 3-1: SINGLE (Groundball, 4D, EV 100.0 MPH)
|
|
Batting: LHB Mario Ocana
|
0-0: Ball 1-0: Ball Wild Pitch! Jonathan Spino to second 2-0: Foul Ball, location: 2F 2-1: Ball 3-1: Called Strike 3-2: 2-RUN HOME RUN (Line Drive, 9D, EV 105.6 MPH), Distance : 387 ft
|
|
Batting: RHB Kunizo Yanagisawa
|
0-0: Ball 1-0: Called Strike 1-1: Ball 2-1: Ball 3-1: Foul Ball, location: 2F 3-2: Fly out, F9 (Flyball, 9LM, EV 94.4 MPH)
|
| Bottom of the 5th over - 2 runs, 2 hits, 0 errors, 0 left on base; Everett 3 - Hudson Valley 4 |
| TOP OF THE 6TH |
|
Everett AquaSox batting - Pitching for Hudson Valley Renegades : RHP Adam Householder
|
|
Batting: RHB Sal Cervantes
|
0-0: Ball 1-0: Ball 2-0: Swinging Strike 2-1: Foul Ball, location: 2F 2-2: Ball 3-2: Base on Balls
|
|
Pitching: LHP Chris Bates
|
|
|
Batting: RHB Jung-wan Aan
|
0-0: Foul Ball, location: 2F 0-1: Swinging Strike 0-2: Strikes out swinging
|
|
Batting: RHB Egidius Kruger
|
0-0: Ball 1-0: Foul Ball, location: 2F 1-1: Fly out, F8 (Flyball, 78M, EV 96.9 MPH)
|
|
Batting: SHB Raghnall Ahearne
|
0-0: Foul Ball, location: 2F 0-1: Foul Ball, location: 2F 0-2: Ball 1-2: Foul Ball, location: 2F 1-2: Fielders Choice at 2nd, 5-4 (Groundball, 56, EV 106.2 MPH)
|
| Top of the 6th over - 0 runs, 0 hits, 0 errors, 1 left on base; Everett 3 - Hudson Valley 4 |
| BOTTOM OF THE 6TH |
|
Hudson Valley Renegades batting - Pitching for Everett AquaSox : RHP Ke-yong Khoo
|
|
Batting: RHB Wan-ling Zhu
|
0-0: Ball 1-0: Ball 2-0: Called Strike 2-1: Ball 3-1: Foul Ball, location: 2F 3-2: Base on Balls
|
|
Pitching: RHP Eduardo Arlarcon
|
|
|
Batting: RHB Mikey Sano
|
0-0: Foul Ball, location: 2F 0-1: Ball 1-1: Ball Wild Pitch! Wan-ling Zhu to second 2-1: SINGLE (Groundball, 4D, EV 95.6 MPH) Wan-ling Zhu to third
|
|
Batting: LHB Sean Boenig
|
0-0: Called Strike 0-1: Foul Ball, location: 2F 0-2: Strikes out swinging
|
|
Batting: RHB Eric Waugaman
|
0-0: Ball 1-0: Foul Ball, location: 2F 1-1: Ball 2-1: Ball 3-1: Ground out 5-3 (Groundball, 5, EV 83.1 MPH) Mikey Sano to second
|
|
Batting: SHB Chris Lockart
|
0-0: Ball 1-0: Fly out, F5 (Popup, 56, EV 66.9 MPH)
|
| Bottom of the 6th over - 0 runs, 1 hit, 0 errors, 2 left on base; Everett 3 - Hudson Valley 4 |
| TOP OF THE 7TH |
|
Everett AquaSox batting - Pitching for Hudson Valley Renegades : LHP Chris Bates
|
|
Batting: RHB John Vasquez
|
0-0: Ball 1-0: Ball 2-0: Ball 3-0: Called Strike 3-1: Called Strike 3-2: Strikes out swinging
|
|
Batting: RHB Tomokazu Sugimoto
|
0-0: Ground out 6-3 (Groundball, 6, EV 105.6 MPH)
|
|
Batting: RHB Ivan Davila
|
0-0: Ball 1-0: Ball 2-0: Ball 3-0: Called Strike 3-1: Base on Balls
|
|
Batting: RHB Antonio Oyola
|
0-0: Ball Passed Ball! Ivan Davila to second 1-0: Ball 2-0: Ground out 4-3 (Groundball, 4, EV 104.4 MPH)
|
| Top of the 7th over - 0 runs, 0 hits, 0 errors, 1 left on base; Everett 3 - Hudson Valley 4 |
| BOTTOM OF THE 7TH |
|
Hudson Valley Renegades batting - Pitching for Everett AquaSox : RHP Eduardo Arlarcon
|
|
Batting: SHB Joshua Jackson
|
0-0: Foul Ball, location: 2F 0-1: Ball 1-1: Ground out 5-3 (Groundball, 5, EV 80.0 MPH)
|
|
Batting: LHB Jonathan Spino
|
0-0: Ball 1-0: Ball 2-0: Called Strike 2-1: Fly out, F9 (Line Drive, 9, EV 96.2 MPH)
|
|
Batting: LHB Mario Ocana
|
0-0: Called Strike 0-1: DOUBLE (Line Drive, 8RXD, EV 110.0 MPH)
|
|
Batting: RHB Kunizo Yanagisawa
|
0-0: Ball 1-0: Ball 2-0: Called Strike 2-1: SINGLE (Line Drive, 56D, EV 105.6 MPH) Mario Ocana to third Runner from 3rd tries for Home, throw by LF and OUT! 7-2
|
| Bottom of the 7th over - 0 runs, 2 hits, 0 errors, 1 left on base; Everett 3 - Hudson Valley 4 |
| TOP OF THE 8TH |
|
Everett AquaSox batting - Pitching for Hudson Valley Renegades : LHP Chris Bates
|
|
Batting: SHB Tony Morales
|
0-0: Ground out 4-3 (Groundball, 34, EV 107.5 MPH)
|
|
Batting: RHB Sal Cervantes
|
0-0: Called Strike 0-1: Ball 1-1: Fly out, F9 (Flyball, 89D, EV 96.2 MPH)
|
|
Batting: RHB Jung-wan Aan
|
0-0: Called Strike 0-1: Fly out, F8 (Flyball, 89D, EV 103.8 MPH)
|
| Top of the 8th over - 0 runs, 0 hits, 0 errors, 0 left on base; Everett 3 - Hudson Valley 4 |
| BOTTOM OF THE 8TH |
|
Hudson Valley Renegades batting - Pitching for Everett AquaSox : RHP Eduardo Arlarcon
|
|
Batting: RHB Wan-ling Zhu
|
0-0: Called Strike 0-1: Foul Ball, location: 2F 0-2: Ball 1-2: Ball 2-2: Ground out 1-3 (Groundball, P, EV 67.5 MPH)
|
|
Batting: RHB Mikey Sano
|
0-0: Ball 1-0: Ball 2-0: Ball 3-0: Called Strike 3-1: Base on Balls
|
|
Batting: LHB Sean Boenig
|
0-0: Ball 1-0: Ball 2-0: Ball 3-0: Called Strike 3-1: Swinging Strike 3-2: Base on Balls Mikey Sano to second
|
|
Pinch Runner at 2nd Alex Koral:
|
|
|
Batting: RHB Eric Waugaman
|
0-0: Ball Passed Ball! Alex Koral to third Sean Boenig to second 1-0: Ball Wild Pitch! Alex Koral scores Sean Boenig to third 2-0: Ball 3-0: Base on Balls
|
|
Pitching: LHP Kevin Roberts
|
|
|
Batting: SHB Chris Lockart
|
0-0: Ball 1-0: Ball 2-0: Ball 3-0: Called Strike 3-1: Foul Ball, location: 2F 3-2: Foul Ball, location: 2F 3-2: Foul Ball, location: 2F 3-2: Base on Balls Eric Waugaman to second
|
|
Batting: SHB Joshua Jackson
|
0-0: Ball 1-0: Foul Ball, location: 2F 1-1: Ball 2-1: SINGLE (Line Drive, 3, EV 93.8 MPH) Sean Boenig scores Eric Waugaman to third Chris Lockart to second Runner from 3rd tries for Home, SAFE, throw by RF to home
|
|
Batting: LHB Jonathan Spino
|
0-0: Ball 1-0: Ball 2-0: SINGLE (Groundball, 6MD, EV 100.0 MPH) Chris Lockart to third Joshua Jackson to second Runner from 3rd tries for Home, SAFE, throw by CF to home
|
|
Batting: LHB Mario Ocana
|
0-0: Ball 1-0: Ball 2-0: Fielders Choice at 2nd, 6-4 (Groundball, 6, EV 101.9 MPH) Joshua Jackson to third
|
|
Batting: RHB Kunizo Yanagisawa
|
0-0: SINGLE (Groundball, 56S, EV 68.1 MPH) (infield hit) Joshua Jackson scores Mario Ocana to second
|
|
Batting: RHB Wan-ling Zhu
|
0-0: Called Strike 0-1: Ball 1-1: Fly out, F7 (Flyball, 7D, EV 106.9 MPH)
|
| Bottom of the 8th over - 5 runs, 3 hits, 0 errors, 2 left on base; Everett 3 - Hudson Valley 9 |
| TOP OF THE 9TH |
|
Everett AquaSox batting - Pitching for Hudson Valley Renegades : LHP Chris Bates
|
|
Now at 1B: Alex Koral
|
|
|
Batting: RHB Egidius Kruger
|
0-0: Called Strike 0-1: Swinging Strike 0-2: SOLO HOME RUN (Flyball, 7D, EV 97.5 MPH), Distance : 380 ft
|
|
Batting: SHB Raghnall Ahearne
|
0-0: Called Strike 0-1: Ball 1-1: Ball 2-1: Ball 3-1: Base on Balls
|
|
Pitching: LHP Min Xue
|
|
|
Batting: RHB John Vasquez
|
0-0: Hit by Pitch Raghnall Ahearne to second
|
|
Batting: RHB Tomokazu Sugimoto
|
0-0: Called Strike 0-1: Ball 1-1: Ball 2-1: Ball 3-1: Foul Ball, location: 2F 3-2: Base on Balls Raghnall Ahearne to third John Vasquez to second
|
|
Batting: RHB Ivan Davila
|
0-0: Foul Ball, location: 2F 0-1: Ball 1-1: Grounds into double play, 6-4-3 (Groundball, 6S, EV 78.8 MPH) Raghnall Ahearne scores John Vasquez to third
|
|
Batting: RHB Antonio Oyola
|
0-0: Ball 1-0: Called Strike 1-1: Ball 2-1: Fly out, F8 (Flyball, 8RD, EV 106.9 MPH)
|
| Top of the 9th over - 2 runs, 1 hit, 0 errors, 1 left on base; Everett 5 - Hudson Valley 9 |
|